 Dungeon Crawl Stone Soup version 0.29-a0-824-gd827844252 (webtiles) character file.

Game seed: 11316869736371774767

910 gobodom the Changer (level 7, -3/51 HPs)
             Began as a Demonspawn Transmuter on July 11, 2022.
             Slain by Duvessa
             ... wielding a +0 short sword
              (14 damage)
             ... on level 4 of the Dungeon.
             The game lasted 00:16:59 (4991 turns).

gobodom the Changer (Demonspawn Transmuter)         Turns: 4991, Time: 00:17:00

Health: -3/51      AC:  9    Str: 10    XL:     7   Next: 81%
Magic:  10/13      EV: 18    Int: 16    God:
Gold:   189        SH:  0    Dex: 20    Spells: 11/14 levels left

rFire   . . .      SeeInvis .   m - +2 short sword (protect)
rCold   . . .      Faith    .   (no shield)
rNeg    . . .      Spirit   .   a - +0 robe
rPois   .          Reflect  .   (helmet currently unavailable)
rElec   .          Harm     .   (no cloak)
rCorr   .          Rampage  .   (no gloves)
Will    .....                   (boots currently unavailable)
Stlth   ++........              (no amulet)
HPRegen 0.17/turn               s - +6 ring of dexterity
MPRegen 0.13/turn               (no ring)

@: agile, about to teleport, appendages, wereblooded, under a protective aura
A: talons 2, horns 1, powered by pain 1, demonic magic 1
a: End Transformation


You were on level 4 of the Dungeon.
You had temporarily grown beastly talons.
You visited 1 branch of the dungeon, and saw 4 of its levels.

You collected 209 gold pieces.
You spent 20 gold pieces at shops.

Inventory:

Hand Weapons
 h - a +3 short sword
 i - a +0 whip of freezing
 m - a +2 short sword of protection (weapon)
Armour
 a - a +0 robe (worn)
 n - a +0 buckler
 q - a +1 ring mail of cold resistance
Jewellery
 c - an amulet of guardian spirit
 s - a +6 ring of dexterity (left hand)
Scrolls
 f - a scroll of silence {unknown}
 g - 2 scrolls of noise
 j - 5 scrolls of teleportation
 l - a scroll of fear {unknown}
 o - 2 scrolls of enchant weapon {unknown}
 p - a scroll of amnesia {unknown}
Potions
 b - 2 potions of lignification
 d - a potion of might
 e - a potion of mutation
 k - 3 potions of curing
 r - a potion of magic {unknown}


   Skills:
 + Level 2.5 Fighting
 + Level 3.6 Short Blades
 + Level 3.2 Dodging
 + Level 1.7 Stealth
 + Level 3.2 Unarmed Combat
 + Level 4.1 Spellcasting
 * Level 4.4 Transmutations


You had 11 spell levels left.
You knew the following spells:

 Your Spells              Type           Power      Damage    Failure   Level
a - Beastly Appendage     Tmut           34%        N/A       2%          1
b - Wereblood             Tmut           17%        N/A       4%          2

Your spell library contained the following spells:

 Spells                   Type           Power      Damage    Failure   Level
 Slow                     Hex            12%        N/A       17%         1
 Spider Form              Tmut/Pois      10%        N/A       21%         3
 Sublimation of Blood     Necr           3%         N/A       26%         2
 Confusing Touch          Hex            3%         N/A       45%         3
 Frozen Ramparts          Ice            6%         1d2       45%         3
 Vampiric Draining        Necr           3%         2d6       45%         3
 Ice Form                 Ice/Tmut       10%        N/A       54%         4
 Petrify                  Tmut/Erth      10%        N/A       54%         4
 Summon Ice Beast         Ice/Summ       3%         N/A       86%         4
 Irradiate                Conj/Tmut      5%         3d15      88%         5
 Fireball                 Conj/Fire      1%         3d3       99%         5
 Iskenderun's Battlesphe  Conj           3%         2d6       99%         5
 Conjure Ball Lightning   Conj/Air       1%         3x3d6     100%        6
 Orb of Destruction       Conj           1%         9d5       100%        7


Dungeon Overview and Level Annotations

Branches:
Dungeon (4/15)             Temple (0/1) D:4

Altars:

Shops:
D:2 (?!*!

Annotations:
D:4 Duvessa


Innate Abilities, Weirdness & Mutations

You have temporarily grown beastly talons.
You have a pair of small horns on your head.
You sometimes gain a little power by taking damage.
Spells you cast may paralyse adjacent enemies.


Message History

Casting: Beastly Appendage (safe; 2% risk of failure)
Confirm with . or Enter, or press ? or * to list all spells.
Your blood is infused with primal strength.
Malevolent energies surge around you. Duvessa hits you with a +0 short sword!
You focus on the pain.
You feel agile all of a sudden.
You hit Duvessa.
Your weapon exudes an aura of protection.
You headbutt Duvessa, but do no damage.
Duvessa is lightly wounded.
Duvessa completely misses you.
You extend your transformation's duration.
Malevolent energies surge around you.
Dowan suddenly stops moving!
Duvessa hits you with a +0 short sword.
The helpless Dowan fails to defend himself.
You puncture Dowan! You claw Dowan.
Dowan is almost dead.
Duvessa barely misses you.
The helpless Dowan fails to defend himself.
You impale Dowan!!
You feel a bit better.
You kill Dowan!
Duvessa screams in rage.
Duvessa goes berserk!
Duvessa misses you.
You barely miss Duvessa. You claw Duvessa. You headbutt Duvessa.
Duvessa is lightly wounded.
You howl as the wereblood boils in your veins!
Duvessa hits you with a +0 short sword.
You hit Duvessa. You claw Duvessa, but do no damage.
Duvessa is lightly wounded.
Duvessa hits you but does no damage. Duvessa hits you with a +0 short sword!
* * * LOW HITPOINT WARNING * * *
As you read the scroll of teleportation, it crumbles to dust.
You feel strangely unstable.
You howl as the wereblood boils in your veins!
Duvessa hits you with a +0 short sword.
* * * LOW HITPOINT WARNING * * *
You hit Duvessa. You claw Duvessa, but do no damage.
Duvessa is moderately wounded.
Duvessa hits you with a +0 short sword!
You die...

...............<.# ...# ##.#.8
..............#### ##.# #..#..
......###..)######## ..# #.####
.............###...# ..# #.#
##.......###..##...# .(# #.#
.....###...##.##...##..#####.#
.....# ###.......>.........#.#
.....# ####................#
#....# ##..@)...........#
.....###### #...e:..........#
##....# ... #...............#
###.....##.###...............#
.......................).....#
.............#)..............####
#######.##....<..............#...
#......#...............#...
####...####..##........†.<.


You could see Duvessa (berserk).

Vanquished Creatures
  An ogre (D:4)
  5 phantoms (D:4)
  A scorpion (D:3)
  Dowan (D:4)
  A centaur zombie (D:4)
  2 bullfrog zombies (D:4)
  A scorpion zombie (D:4)
  A hound zombie (D:4)
  3 hound skeletons (D:4)
  A howler monkey zombie (D:4)
  Robin (D:2)
  5 adders
  2 adder zombies (D:4)
  A worm (D:2)
  A dart slug (D:1)
  An orc (D:3)
  4 ball pythons
  2 bats (D:3)
  3 endoplasms
  3 giant cockroaches
  16 goblins
  12 hobgoblins
  4 quokkas
  2 frilled lizards
  8 kobolds
  22 rats
104 creatures vanquished.

Notes
Turn   | Place    | Note
-------+----------+-------------------------------------------
     0 | D:1      | gobodom the Demonspawn Transmuter began the quest for the
                  | Orb.
     0 | D:1      | Reached XP level 1. HP: 15/15 MP: 3/3
   578 | D:1      | Gained mutation: You sometimes gain a little power by
                  | taking damage. [demonic ancestry]
   578 | D:1      | Reached XP level 2. HP: 19/21 MP: 3/5
  1211 | D:1      | Learned a level 2 spell: Wereblood
  1350 | D:2      | Found Vunwino's Magic Scroll Emporium.
  1354 | D:2      | Bought a scroll of identify for 20 gold pieces
  1519 | D:2      | Reached XP level 3. HP: 18/26 MP: 6/6
  1625 | D:2      | Found Vyitu's Assorted Antiques.
  1665 | D:2      | Found Iryg's Distillery.
  1730 | D:2      | Found a faded altar of an unknown god.
  2137 | D:2      | Found Wynois's Distillery.
  2273 | D:2      | Found Meretoehe's Weapon Emporium.
  2273 | D:2      | Noticed Robin
  2279 | D:2      | Reached XP level 4. HP: 32/32 MP: 3/8
  2341 | D:2      | Killed Robin
  3036 | D:3      | Reached skill level 1 in Short Blades
  3525 | D:3      | Noticed a scorpion
  3532 | D:3      | Killed a scorpion
  3533 | D:3      | Reached XP level 5. HP: 22/37 MP: 7/9
  4142 | D:4      | Noticed a phantom
  4146 | D:4      | Noticed a phantom
  4159 | D:4      | Killed a phantom
  4160 | D:4      | Reached skill level 1 in Stealth
  4160 | D:4      | Gained mutation: Spells you cast may paralyse adjacent
                  | enemies. [demonic ancestry]
  4160 | D:4      | Reached XP level 6. HP: 24/44 MP: 8/11
  4398 | D:4      | Found a staircase to the Ecumenical Temple.
  4412 | D:4      | Mutation became permanent: You have a pair of small horns
                  | on your head. [demonic ancestry]
  4412 | D:4      | Gained mutation: You have a pair of horns on your head.
                  | [demonic ancestry]
  4412 | D:4      | Reached XP level 7. HP: 23/50 MP: 12/12
  4444 | D:4      | Noticed Duvessa
  4446 | D:4      | Noticed Dowan
  4987 | D:4      | Killed Dowan
  4991 | D:4      | Slain by Duvessa

Illustrated notes

Levels and vault maps discovered:
D:1:      dpeg_arrival_castle, layout_loops_ring, minmay_misc_feat_rugged
D:2:      layout_loops_ring, serial_shops, nicolae_shop_stone, shop,
          nicolae_shop_bloodbath_and_beyond, shop, nicolae_shop_window_shopping,
          chequers_ecumenical_altar_twisty, minmay_rat_hole, uniq_robin
D:3:      layout_loops_corners, st_stairs_11, minmay_misc_feat_pillars
D:4:      layout_rooms, minmay_temple_entry_trees, serial_undead,
          serial_undead_a, serial_undead_f, serial_undead_d, serial_undead_c,
          uniq_duvessa

Skill      XL: |  1  2  3  4  5  6  7 |
---------------+----------------------+-----
Dodging        | 2 3 |  3.2
Unarmed Combat | 3 |  3.2
Transmutations | 2 3 4 |  4.4
Spellcasting   | 3 4 |  4.1
Short Blades   | 1 2 3 |  3.6
Stealth        | 1 |  1.7
Fighting       | 2 |  2.5

Action                   |  1- 3 |  4- 6 |  7- 9 || total
-------------------------+-------+-------+-------++-------
Melee: Unarmed           |    55 |       |       ||    55
       Headbutt          |     9 |    19 |    16 ||    44
       Kick              |    19 |    32 |    19 ||    70
       Punch             |     3 |     2 |     3 ||     8
       Short sword       |    47 |   132 |    70 ||   249
 Cast: Beastly Appendage |    23 |    20 |     6 ||    49
       Wereblood         |     3 |     6 |     4 ||    13
  Use: Scroll            |     6 |     1 |     2 ||     9
       Potion            |     2 |     1 |       ||     3
 Stab: Sleeping          |       |     1 |       ||     1
       Paralysed         |       |       |     8 ||     8
Armor: Robe              |    22 |    50 |    16 ||    88
Dodge: Dodged            |    48 |    99 |    43 ||   190

Table legend: (Time is in decaauts)
 A = Elapsed time spent in this place.
 B = Non-inter-level travel time spent in this place.
 C = Inter-level travel time spent in this place.
 D = Time resting spent in this place.
 E = Time spent auto-exploring this place.
 F = Levels seen in this place.
 G = Mean time per level.
                   A        B        C        D        E       F      G
               +--------+--------+--------+--------+--------+-----+--------+
         Total |   5003 |   4921 |     82 |    537 |   3600 |   4 | 1250.8 |
       Dungeon |   5003 |   4921 |     82 |    537 |   3600 |   4 | 1250.8 |
               +--------+--------+--------+--------+--------+-----+--------+

Top non-repeatable levels by time:
     D:2: 1630 daAuts
     D:1: 1269 daAuts
     D:3: 1092 daAuts
     D:4: 1011 daAuts
